 Dungeon Crawl Stone Soup version 0.31-a0-339-gda1cbd555d (webtiles) character file.

Game seed: 6588104540109631224

3734 GenialerGandalf the Cleaver (level 10, -10/88 HPs)
             Began as a Hill Orc Fighter on July 16, 2023.
             Was a Priest of Beogh.
             Mangled by a vampire (11 damage)
             ... on level 9 of the Dungeon on July 20, 2023.
             The game lasted 00:17:23 (5995 turns).

GenialerGandalf the Cleaver (Hill Orc Fighter)      Turns: 5995, Time: 00:17:24

Health: -10/88     AC: 15    Str: 24    XL:     10   Next: 15%
Magic:  14/14      EV:  8    Int:  8    God:    Beogh [***...]
Gold:   406        SH:  5    Dex: 10    Spells: 9/9 levels left

rFire   . . .        a - +1 war axe
rCold   . . .        c - +0 buckler
rNeg    . . .        H - +0 chain mail
rPois   .            (no helmet)
rElec   .            D - +2 cloak
rCorr   +            r - +0 pair of gloves
SInv    .            (no boots)
Will    .....        (no amulet) Stlth
                     y - ring of resist corrosion
HPRegen 0.34/turn    A - +4 ring of slaying
MPRegen 0.14/turn

%: no passive effects
@: mighty
A: no striking features
a: Renounce Religion, Smiting


You were on level 9 of the Dungeon.
You worshipped Beogh.
Beogh was most pleased with you.
You visited 2 branches of the dungeon, and saw 10 of its levels.

You collected 406 gold pieces.

Inventory:

Hand Weapons
 a - a +1 war axe (weapon)
Missiles
 F - 2 throwing nets
Armour
 c - a +0 buckler (worn)
 n - a +0 plate armour
 r - a +0 pair of gloves (worn)
 D - a +2 cloak (worn)
 H - a +0 chain mail (worn)
Jewellery
 o - an amulet of guardian spirit
 x - a ring of positive energy
 y - a ring of resist corrosion (left hand)
 A - a +4 ring of slaying (right hand)
 B - a ring of positive energy
 G - a ring of magical power
Talismans
 i - a blade talisman
 k - a beast talisman
 E - a talisman of death
Wands
 b - a wand of digging (5)
Scrolls
 e - a scroll of silence
 f - a scroll of amnesia
 h - a scroll of poison {unknown}
 j - 2 scrolls of fog
 p - a scroll of brand weapon {unknown}
 u - a scroll of noise {unknown}
 v - 2 scrolls of fear
 w - 3 scrolls of blinking {unknown}
 C - 5 scrolls of teleportation
Potions
 d - a potion of might
 l - a potion of mutation {unknown}
 m - 2 potions of enlightenment
 q - 3 potions of haste
 s - a potion of ambrosia {unknown}
 t - a potion of curing {unknown}
 z - a potion of brilliance {unknown}


   Skills:
 * Level 7.8 Fighting
 * Level 12.5 Axes
 * Level 7.7 Armour
 * Level 6.1 Shields
 * Level 5.4 Invocations


You had 9 spell levels left.
You didn't know any spells.
Your spell library contained the following spells:

 Spells                   Type           Power      Damage    Failure   Level
 Sandblast                Erth           0%         2d4       94%         1
 Passwall                 Tmut/Erth      0%         N/A       98%         2
 Wereblood                Tmut           0%         N/A       98%         2
 Stone Arrow              Conj/Erth      0%         3d7       100%        3
 Alistair's Intoxication  Tmut/Pois      0%         N/A       100%        5
 Borgnjor's Vile Clutch   Necr/Erth      0%         N/A       100%        5
 Irradiate                Conj/Tmut      0%         3d11      100%        5
 Eringya's Noxious Bog    Tmut/Pois      0%         4d6       100%        6


Dungeon Overview and Level Annotations

Branches:
Dungeon (9/15)             Temple (1/1) D:5            Lair (0/5) D:8
    Orc: D:9-12

Altars:
Ashenzari
Cheibriados
Dithmenos
Elyvilon
Fedhas
Gozag
Hepliaklqana
Kikubaaqudgha
Makhleb
Nemelex Xobeh
Okawaru
Qazlal
Ru
Sif Muna
Trog
Uskayaw
Vehumet
Xom
Yredelemnul
Zin
The Shining One

Annotations:
Temple 4 transporters


Message History

* * * LOW HITPOINT WARNING * * *
Something bites you.
* * * LOW HITPOINT WARNING * * *
Something draws strength from your injuries!
You block the killer bee's attack.
You hit something but do no damage. You barely miss the killer bee.
You block the killer bee's attack. Something completely misses you.
Something bites you.
* * * LOW HITPOINT WARNING * * *
Something draws strength from your injuries!
The killer bee closely misses you.
Unknown command.
You feel much better. The killer bee stings you.
* * * LOW HITPOINT WARNING * * *
Something hits you but does no damage. Something bites you!
* * * LOW HITPOINT WARNING * * *
Something draws strength from your injuries!
The killer bee closely misses you.
You miss something. You hit the killer bee. The killer bee barely misses you.
Something hits you but does no damage. Something bites you.
* * * LOW HITPOINT WARNING * * *
Something draws strength from your injuries!
You slice something!! You slash the killer bee!
The killer bee closely misses you. The killer bee stings you.
* * * LOW HITPOINT WARNING * * *
Something hits you.
* * * LOW HITPOINT WARNING * * *
Something bites you.
* * * LOW HITPOINT WARNING * * *
Something draws strength from your injuries!
You slash something! You hit the killer bee. You block the killer bee's attack.
The killer bee closely misses you. Something hits you but does no damage.
Something bites you.
* * * LOW HITPOINT WARNING * * *
Something draws strength from your injuries!
You closely miss something. You slice the killer bee!!
You kill the killer bee!
Beogh accepts your kill. Something hits you!
You die...

........#..#.....
........... .....
..........##...>#
...............#
..............#
.......<.....##
..............#
..........)...##.
....$....@......#
.......#){......?
:......#........<
.......#.......#.
##.....)......#..
#.............##
###.......#
.##......


There were no monsters in sight!

Vanquished Creatures
  Pikel (D:8)
  A steam dragon (D:7)
  3 vampire mosquitoes (D:7)
  A water moccasin (D:8)
  2 orc warriors (D:8)
  A black bear (D:5)
  A centaur (D:9)
  An ogre (D:5)
  2 phantoms
  3 bullfrogs
  3 necrophages (D:5)
  4 scorpions
  A water moccasin zombie (D:5)
  5 wights
  8 killer bees
  A howler monkey (D:4)
  A centaur zombie (D:5)
  2 bullfrog zombies (D:5)
  A human zombie (D:5)
  2 hounds
  4 jellies (D:5)
  3 orc priests
  An iguana (D:5)
  3 orc wizards (D:4)
  3 sleepcaps
  A scorpion zombie (D:5)
  A howler monkey zombie (D:5)
  6 adders
  5 white imps
  3 ufetubi
  2 worms
  3 dart slugs (D:1)
  18 orcs
  4 bats
  8 endoplasms
  3 giant cockroaches
  4 goblins
  9 hobgoblins
  6 jackals
  4 quokkas
  9 ball pythons
  5 frilled lizards
  5 kobolds
  7 rats
161 creatures vanquished.

Vanquished Creatures (collateral kills)
  An orc wizard (D:8)
1 creature vanquished.

Vanquished Creatures (others)
  An orc warrior (D:9)
  An adder (D:3)
  An orc (D:8)
  A quokka (D:3)
4 creatures vanquished.

Grand Total: 166 creatures vanquished

Notes
Turn   | Place    | Note
-------+----------+-------------------------------------------
     0 | D:1      | GenialerGandalf the Hill Orc Fighter began the quest for
                  | the Orb.
     0 | D:1      | Reached XP level 1. HP: 19/19 MP: 1/1
   146 | D:1      | Reached XP level 2. HP: 27/27 MP: 2/2
   175 | D:1      | Reached skill level 3 in Axes
   186 | D:1      | Upgraded the game from 0.31-a0-278-g485e682e34 to
                  | 0.31-a0-339-gda1cbd555d
   535 | D:1      | Reached XP level 3. HP: 33/33 MP: 3/3
   836 | D:2      | Reached skill level 4 in Axes
   836 | D:2      | Reached XP level 4. HP: 40/40 MP: 4/4
  1188 | D:2      | Found a faded altar of an unknown god.
  1655 | D:3      | Became a worshipper of Beogh the Brigand
  1956 | D:3      | Reached XP level 5. HP: 43/47 MP: 5/5
  2034 | D:3      | Reached skill level 5 in Axes
  2050 | D:3      | Reached skill level 1 in Invocations
  2410 | D:4      | Reached * piety under Beogh
  2488 | D:4      | Noticed a phantom
  2493 | D:4      | Killed a phantom
  2494 | D:4      | Reached skill level 6 in Axes
  2494 | D:4      | Reached XP level 6. HP: 51/53 MP: 5/7
  2672 | D:4      | Reached XP level 7. HP: 46/60 MP: 8/8
  2882 | D:5      | Entered Level 5 of the Dungeon
  2897 | D:5      | Reached skill level 7 in Axes
  2930 | D:5      | Reached skill level 5 in Fighting
  3052 | D:5      | Found a staircase to the Ecumenical Temple.
  3069 | Temple   | Found a transporter.
  3069 | Temple   | Found a transporter.
  3069 | Temple   | Found a transporter.
  3069 | Temple   | Found a transporter.
  3069 | Temple   | Entered the Ecumenical Temple
  3114 | D:5      | Reached ** piety under Beogh
  3253 | D:5      | Reached skill level 8 in Axes
  3375 | D:5      | Reached skill level 5 in Armour
  3426 | D:5      | Reached XP level 8. HP: 67/69 MP: 10/10
  3620 | D:5      | Reached skill level 9 in Axes
  3734 | D:5      | Found an ancient bone altar of Kikubaaqudgha.
  3745 | D:5      | Reached skill level 5 in Shields
  4241 | D:6      | Reached skill level 10 in Axes
  4296 | D:6      | Found a hazy altar of Hepliaklqana.
  4692 | D:7      | Reached XP level 9. HP: 74/78 MP: 11/11
  4985 | D:7      | Reached skill level 11 in Axes
  5425 | D:8      | Noticed Pikel
  5443 | D:8      | Killed Pikel
  5610 | D:8      | Reached skill level 5 in Invocations
  5616 | D:8      | Reached *** piety under Beogh
  5617 | D:8      | Reached skill level 12 in Axes
  5655 | D:8      | Reached XP level 10. HP: 51/83 MP: 13/13
  5865 | D:8      | Found a staircase to the Lair.
  5990 | D:9      | HP: 3/88 [something (6)]
  5994 | D:9      | HP: 1/88 [something (2)]
  5995 | D:9      | Mangled by a vampire

Illustrated notes

Levels and vault maps discovered:
D:1:      amcnicky_arrival_gap_in_the_tavern_cellar, layout_rooms,
          hangedman_abyss_or_decor_lesser_grid
D:2:      layout_basic, shapermc_ecumenical_altar_mp_urbaneastern
D:3:      layout_basic
D:4:      layout_basic, minmay_bisected
D:5:      layout_rooms, lemuel_mausoleum_altar_kikubaaqudgha,
          minmay_temple_entry_nine_rooms
D:6:      layout_loops_ring, kennysheep_mini, nicolae_underground_beach
D:7:      layout_loops_ring
D:8:      layout_rooms, grunt_lair_entry_orc_guard_hut, uniq_pikel
D:9:      layout_layer_cave, mainiacjoe_overflow_brackets
Temple:   hellmonk_temple_divided_pantheon

Skill      XL: |  1  2  3  4  5  6  7  8  9 10 |
---------------+-------------------------------+-----
Axes           | 3 4 6 8 10 12 | 12.5
Fighting       | 4 5 6 7 |  7.8
Armour         | 4 5 6 7 |  7.7
Invocations    | 1 2 3 5 |  5.4
Shields        | 4 5 6 |  6.1

Action                     |  1- 3 |  4- 6 |  7- 9 | 10-12 || total
---------------------------+-------+-------+-------+-------++-------
  Melee: War axe           |    90 |   161 |   258 |    28 ||   537
 Invoke: Convert to Beogh  |       |     1 |       |       ||     1
    Use: Scroll            |     3 |     4 |     3 |       ||    10
         Potion            |       |       |       |     3 ||     3
 Armour: Scale mail        |    53 |    82 |    58 |       ||   193
         Chain mail        |       |       |    55 |    30 ||    85
  Dodge: Dodged            |    45 |    60 |   101 |    18 ||   224
  Block: Buckler           |    23 |    25 |    49 |    10 ||   107

Table legend: (Time is in decaauts)
 A = Elapsed time spent in this place.
 B = Non-inter-level travel time spent in this place.
 C = Inter-level travel time spent in this place.
 D = Time resting spent in this place.
 E = Time spent auto-exploring this place.
 F = Levels seen in this place.
 G = Mean time per level.
                   A        B        C        D        E       F      G
               +--------+--------+--------+--------+--------+-----+--------+
         Total |   6075 |   5931 |    144 |    285 |   4406 |  10 |  607.5 |
       Dungeon |   6044 |   5900 |    144 |    285 |   4406 |   9 |  671.6 |
        Temple |     31 |     31 |      0 |      0 |      0 |   1 |   31.0 |
               +--------+--------+--------+--------+--------+-----+--------+

Top non-repeatable levels by time:
     D:5: 974 daAuts
     D:3: 898 daAuts
     D:7: 846 daAuts
     D:2: 793 daAuts
     D:6: 685 daAuts
     D:1: 647 daAuts
     D:4: 619 daAuts
     D:8: 558 daAuts
  Temple: 31 daAuts
     D:9: 21 daAuts
